 Dungeon Crawl Stone Soup version 0.30-a0-691-g754fce4c43 (webtiles) character file.

Game seed: 4681519004425928492

221 Crownlay the Grave Robber (level 5, -6/52 HPs)
             Began as a Demonspawn Necromancer on Jan 19, 2023.
             Mangled by Menkaure (14 damage)
             ... on level 4 of the Dungeon.
             The game lasted 00:07:20 (3034 turns).

Crownlay the Grave Robber (Demonspawn Necromancer)  Turns: 3034, Time: 00:07:21

Health: -6/52      AC: 22    Str:  9    XL:     5   Next: 65%
Magic:  0/8        EV:  2    Int: 18    God:
Gold:   165        SH:  0    Dex: 13    Spells: 3/8 levels left

rFire   . . .      SeeInvis .    x - +1 dagger (pain)
rCold   . . .      Faith    .    (no shield)
rNeg    . . .      Spirit   +    (body armour currently unavailable)
rPois   +          Reflect  .    (helmet currently unavailable)
rElec   .          Harm     .    (cloak currently unavailable)
rCorr   .          Rampage  .    (gloves currently unavailable)
Will    .....      NoTele   +    (boots currently unavailable)
Stlth   ++                       (no amulet)
HPRegen 0.28/turn                (no ring)
MPRegen 0.22/turn                (no ring)

@: tree-form
A: stationary, stasis, torment immunity, boosted hp, (antennae 1), powered by
death 1, magic shield, magic regeneration
a: no special abilities


You were on level 4 of the Dungeon.
You were a tree.
You visited 1 branch of the dungeon, and saw 4 of its levels.

You collected 165 gold pieces.

Inventory:

Hand Weapons
 x - a +1 dagger of pain (weapon)
Missiles
 h - 2 throwing nets
Armour
 a - a +0 robe (melded)
 k - a +0 cloak (melded)
 v - a +0 pair of boots (melded)
Scrolls
 c - 2 scrolls of fear {unknown}
 d - 3 scrolls of magic mapping
 l - 2 scrolls of poison {unknown}
 m - a scroll of immolation {unknown}
 n - a scroll of butterflies {unknown}
 o - 2 scrolls of fog
 p - a scroll of teleportation {unknown}
 q - a scroll of enchant armour {unknown}
 u - a scroll of enchant weapon {unknown}
Potions
 b - a potion of magic
 e - a potion of mutation {unknown}
 f - a potion of heal wounds {unknown}
 g - a potion of curing
 i - a potion of brilliance {unknown}
 j - 2 potions of cancellation
 s - a potion of lignification
 t - a potion of might {unknown}
 w - a potion of attraction {unknown}


   Skills:
 - Level 1.7 Dodging
 - Level 1.7 Stealth
 - Level 2.0 Spellcasting
 * Level 7.7 Necromancy


You had 3 spell levels left.
You knew the following spells:

 Your Spells              Type           Power      Damage    Failure   Level
a - Necrotise             Necr           100%       1d9       1%          1
b - Animate Dead          Necr           29%        N/A       8%          4

Your spell library contained the following spells:

 Spells                   Type           Power      Damage    Failure   Level
 Vampiric Draining        Necr           29%        2d8       2%          3
 Agony                    Necr           29%        N/A       22%         5
 Petrify                  Tmut/Erth      1%         N/A       87%         4
 Metabolic Englaciation   Hex/Ice        0%         N/A       99%         5
 Statue Form              Tmut/Erth      0%         N/A       100%        6


Dungeon Overview and Level Annotations

Branches:
Dungeon (4/15)
 Temple: D:4-7

Altars:
Uskayaw

Annotations:
D:4 Menkaure


Innate Abilities, Weirdness & Mutations

You are a tree.
Your roots penetrate the ground, keeping you stationary.
You cannot be teleported.
You are immune to unholy pain and torment.
Your maximum health is greatly increased.
Your equipment is partially melded.
((You have a pair of small antennae on your head.))
You regenerate a little health from kills.
When hurt, damage is shared between your health and your magic reserves.
You regenerate magic rapidly.


Message History

a +0 short sword; a boomerang You see here a +0 club.
Menkaure shouts, "You disturbed my rest!
Die!"
You feel better. Menkaure barely misses you.
Menkaure hits you but does no damage.
Really quaff the potion of lignification?
You turn into a tree.
Your +0 cloak melds into your body.
Your +0 pair of boots melds into your body.
Your +0 robe melds into your body.
Your roots penetrate the ground.
Menkaure hits you but does no damage.
You hit Menkaure.
Menkaure is lightly damaged.
Menkaure hits you but does no damage.
You hit Menkaure.
Menkaure is moderately damaged.
Menkaure hits you!
You barely miss Menkaure.
Menkaure is moderately damaged.
Menkaure hits you but does no damage.
You barely miss Menkaure.
Menkaure is moderately damaged.
Menkaure hits you but does no damage. Menkaure hits you.
* * * LOW HITPOINT WARNING * * *
You hit Menkaure but do no damage.
Menkaure is moderately damaged.
Menkaure hits you but does no damage.
You hit Menkaure.
Menkaure is heavily damaged.
Menkaure hits you!
* * * LOW HITPOINT WARNING * * *
You hit Menkaure.
Menkaure is severely damaged.
Menkaure hits you but does no damage.
You hit Menkaure.
Menkaure is severely damaged.
Menkaure barely misses you.
You hit Menkaure.
Menkaure is severely damaged.
Menkaure hits you!
You die...

..#.......)..)#..##..#.#.#..#
..#.#'##..#####..##........#
..#.#.(#...'..#..##..#.#.#.######
..#.#..#.⌠.#..#..##.............#
..#.#..#...####......#.#.#.......
....##+##........................
.##..# #.......#...#...#.....M.#
.# ..# #..##Z#.#.##..#.#.#.....)
.# .# #..#).#.♣#####..#M#####.#
.. .# #..#.)#.#M###.....# #.. ##
#..####.#..#.##)### ### # #...
..#.#..##)# # ... ...#......>#
...#####.#### ..## #... . ..#
##### .. ##


You could see Menkaure (fast).

Vanquished Creatures
  A scorpion (D:4)
  5 adders
  2 worms
  3 dart slugs (D:2)
  15 orcs
  11 ball pythons
  6 bats
  5 endoplasms
  A goblin (D:3)
  11 hobgoblins
  4 quokkas
  2 frilled lizards
  9 kobolds
  4 rats
79 creatures vanquished.

Vanquished Creatures (collateral kills)
  A dart slug (D:2)
  A goblin (D:1)
  A hobgoblin (D:3)
  3 ball pythons
6 creatures vanquished.

Vanquished Creatures (others)
  An endoplasm zombie (D:3)
  2 plants (D:2)
  3 withered plants (D:2)
6 creatures vanquished.

Grand Total: 91 creatures vanquished

Notes
Turn   | Place    | Note
-------+----------+-------------------------------------------
     0 | D:1      | Crownlay the Demonspawn Necromancer began the quest for the
                  | Orb.
     0 | D:1      | Reached XP level 1. HP: 13/13 MP: 3/3
   202 | D:1      | Gained mutation: You have a pair of small antennae on your
                  | head. [demonic ancestry]
   202 | D:1      | Reached XP level 2. HP: 19/19 MP: 3/5
   214 | D:1      | Reached skill level 5 in Necromancy
   790 | D:2      | Gained mutation: You regenerate magic rapidly. [demonic
                  | ancestry]
   790 | D:2      | Reached XP level 3. HP: 24/24 MP: 1/6
   994 | D:2      | Found a faded altar of an unknown god.
  1076 | D:2      | Reached skill level 6 in Necromancy
  1299 | D:2      | Gained mutation: When hurt, damage is shared between your
                  | health and your magic reserves. [demonic ancestry]
  1299 | D:2      | Reached XP level 4. HP: 21/30 MP: 2/7
  1621 | D:3      | Learned a level 4 spell: Animate Dead
  1805 | D:3      | Found a hide-covered altar of Uskayaw.
  2695 | D:4      | Reached skill level 7 in Necromancy
  2695 | D:4      | Gained mutation: You regenerate a little health from kills.
                  | [demonic ancestry]
  2695 | D:4      | Reached XP level 5. HP: 35/35 MP: 5/8
  2992 | D:4      | Noticed Menkaure
  3034 | D:4      | Mangled by Menkaure

Illustrated notes

Levels and vault maps discovered:
D:1:      dpeg_arrival_short_road, layout_rooms
D:2:      layout_basic, serial_forest, infiniplex_forest_straight_1,
          infiniplex_forest_lined_3, infiniplex_forest_clump_small,
          infiniplex_forest_straight_3, infiniplex_forest_zigzag_2,
          infiniplex_forest_straight_2, infiniplex_forest_zigzag_1,
          shapermc_ecumenical_altar_flowoftime
D:3:      layout_loops_corners, mainiacjoe_overflow_surrounded_room,
          nicolae_uskayaw_dance_hall, kennysheep_generic_room_6
D:4:      corexii_shack_village, layout_loops_cross,
          nicolae_tso_swordbearing_angel, biasface_ghost_orc_armoury,
          serial_glass, glass_columns_b, glass_columns_a, glass_columns_b,
          glass_columns_a, glass_columns_b, glass_columns_a, glass_columns_a,
          glass_columns_c, glass_columns_b, glass_columns_a, glass_columns_a,
          glass_columns_a, glass_columns_b, glass_columns_b,
          kennysheep_generic_room_4, uniq_menkaure

Skill      XL: |  1  2  3  4 |
---------------+-------------+-----
Necromancy     | 5 6 7 |  7.7
Dodging        | |  1.7
Stealth        | |  1.7
Spellcasting   | |  2.0

Action                   |  1- 3 |  4- 6 || total
-------------------------+-------+-------++-------
Melee: Unarmed           |    14 |       ||    14
       Dagger            |    38 |    24 ||    62
       Punch             |     1 |     2 ||     3
 Cast: Necrotise         |    58 |    75 ||   133
       Animate Dead      |       |     1 ||     1
  Use: Scroll            |       |     5 ||     5
       Potion            |       |     2 ||     2
 Stab: Distracted        |     1 |       ||     1
Armor: Robe              |     4 |     5 ||     9
       Skin              |       |     6 ||     6
Dodge: Dodged            |    30 |    25 ||    55

Table legend: (Time is in decaauts)
 A = Elapsed time spent in this place.
 B = Non-inter-level travel time spent in this place.
 C = Inter-level travel time spent in this place.
 D = Time resting spent in this place.
 E = Time spent auto-exploring this place.
 F = Levels seen in this place.
 G = Mean time per level.
                   A        B        C        D        E       F      G
               +--------+--------+--------+--------+--------+-----+--------+
         Total |   3032 |   2973 |     59 |      0 |   2392 |   4 |  758.0 |
       Dungeon |   3032 |   2973 |     59 |      0 |   2392 |   4 |  758.0 |
               +--------+--------+--------+--------+--------+-----+--------+

Top non-repeatable levels by time:
     D:3: 1099 daAuts
     D:2: 785 daAuts
     D:1: 749 daAuts
     D:4: 397 daAuts
